 Dungeon Crawl Stone Soup version 0.23.0-2-g0fe3ce5 (webtiles) character file.

Game seed: 4765139370489968320

128 Kairos the Cudgeler (level 4, 0/34 HPs)
             Began as a Demonspawn Gladiator on Feb 19, 2019.
             Succumbed to a worker ant's poison
             ... on level 4 of the Dungeon.
             The game lasted 00:05:25 (2631 turns).

Kairos the Cudgeler (Demonspawn Gladiator)          Turns: 2631, Time: 00:05:25

Health: 0/34       AC: 14    Str: 15    XL:     4   Next: 87%
Magic:  4/4        EV:  7    Int:  9    God:
Gold:   219        SH:  0    Dex: 18    Spells: 3/3 levels left

rFire    . . .     SeeInvis +   a - +0 flail
rCold    . . .     Gourm    .   (no shield)
rNeg     . . .     Faith    .   n - +0 chain mail
rPois    .         Spirit   .   c - +0 helmet
rElec    .         Reflect  .   t - +0 cloak
rCorr    .         Harm     .   (no gloves)
MR       .....                  p - +0 pair of boots
Stlth    ..........             (no amulet)
HPRegen  0.11/turn              i - +3 ring of dexterity
MPRegen  0.09/turn              z - ring of see invisible

@: lethally poisoned (0 -> -5)
A: claws 1, slimy green scales 2
a: no special abilities


You were on level 4 of the Dungeon.
You were hungry.

You visited 1 branch of the dungeon, and saw 4 of its levels.

You collected 219 gold pieces.

Inventory:

Hand Weapons
 a - a +0 flail (weapon)
 e - a +0 hunting sling
 s - a +0 hunting sling
Missiles
 d - 3 throwing nets (quivered)
 o - 4 tomahawks
Armour
 b - a +0 leather armour
 c - a +0 helmet (worn)
 j - a +0 ring mail
 n - a +0 chain mail (worn)
 p - a +0 pair of boots (worn)
 t - a +0 cloak (worn)
Jewellery
 i - a +3 ring of dexterity (left claw)
 r - a +2 ring of intelligence
 v - an uncursed ring of resist corrosion
 z - a ring of see invisible (right claw)
Scrolls
 g - 2 scrolls of identify {unknown}
 h - a scroll of amnesia {unknown}
 k - a scroll of noise {unknown}
 m - 2 scrolls of fear {unknown}
 q - 4 scrolls of teleportation {unknown}
 u - 2 scrolls of remove curse {unknown}
 x - a scroll of immolation {unknown}
 y - a scroll of magic mapping {unknown}
 A - a scroll of random uselessness {unknown}
Potions
 l - a potion of magic {unknown}
 w - a potion of curing {unknown}
Comestibles
 f - 5 rations


   Skills:
 + Level 2.4 Fighting
 * Level 4.3 Maces & Flails
 + Level 1.8 Throwing
 + Level 1.4 Armour
 + Level 3.0 Dodging


You had 3 spell levels left.
You didn't know any spells.
Your spell library was empty.

Dungeon Overview and Level Annotations

Branches:
Dungeon (4/15)
 Temple: D:4-7

Altars:
Yredelemnul
Zin


Innate Abilities, Weirdness & Mutations

You have sharp fingernails.
You are mostly covered in slimy green scales. (AC +3)


Message History

An orc wizard comes into view. It is wielding a +0 dagger.
Your chain mail prevents you from hitting the worker ant.
The worker ant is moderately wounded.
The orc wizard shouts!
The worker ant bites you but does no damage.
The orc wizard casts a spell.
The orc wizard flickers and vanishes for a moment.
The worker ant barely misses you.
The orc priest calls down the wrath of Beogh upon you.
Beogh smites you! The worker ant bites you.
You are poisoned.
The worker ant poisons you!
You feel sick.
You feel sick.
The orc priest invokes the aid of Beogh against you.
Beogh smites you!
* * * LOW HITPOINT WARNING * * *
The worker ant bites you but does no damage.
There is a stone staircase leading up here.
You die...

....# ....
..#....##......
#.#......#....# ##
###......##... #
#.####...!........#.#
.#..#............#...#
#.....................
........o...o.@..###
...........o.a.....#
......................
.............#.###....
.#........†.#### ...
##.........# ..
#.........>.. .
..........[.#..
.....(......##..


You could see a worker ant, an orc priest, an orc wizard (invisible) and an orc.

Vanquished Creatures
  Jessica (D:3)
  2 adders
  2 oozes
  4 worms
  A dart slug (D:1)
  2 leopard geckos
  2 orcs (D:3)
  3 giant cockroaches
  4 goblins
  6 hobgoblins
  3 jackals (D:2)
  8 kobolds
  11 bats
  4 frilled lizards
  8 rats
61 creatures vanquished.

Notes
Turn   | Place    | Note
-------+----------+-------------------------------------------
     0 | D:1      | Kairos the Demonspawn Gladiator began the quest for the
                  | Orb.
     0 | D:1      | Reached XP level 1. HP: 16/16 MP: 1/1
   200 | D:1      | Gained mutation: You are partially covered in slimy green
                  | scales. (AC +2) [demonic ancestry]
   200 | D:1      | Reached XP level 2. HP: 14/22 MP: 2/2
   204 | D:1      | Reached skill level 3 in Maces & Flails
   842 | D:2      | Reached skill level 1 in Armour
   842 | D:2      | Gained mutation: You are mostly covered in slimy green
                  | scales. (AC +3) [demonic ancestry]
   842 | D:2      | Reached XP level 3. HP: 10/27 MP: 3/3
  1446 | D:2      | Found a glowing silver altar of Zin.
  1588 | D:2      | Found a basalt altar of Yredelemnul.
  1697 | D:2      | Gained mutation: You have sharp fingernails. [demonic
                  | ancestry]
  1697 | D:2      | Reached XP level 4. HP: 30/34 MP: 4/4
  1798 | D:3      | Noticed Jessica
  2044 | D:3      | Killed Jessica
  2044 | D:3      | Reached skill level 4 in Maces & Flails
  2629 | D:4      | HP: 1/34 [orc priest/divine providence (14)]
  2631 | D:4      | Succumbed to a worker ant's poison

Skill      XL: |  1  2  3  4 |
---------------+-------------+-----
Maces & Flails | 3 4 |  4.3
Dodging        | 3 |  3.0
Armour         | 1 |  1.4
Fighting       | |  2.4
Throwing       | |  1.8

Action                   |  1- 3 |  4- 6 || total
-------------------------+-------+-------++-------
Melee: Flail             |   157 |    80 ||   237
Throw: Throwing net      |     1 |       ||     1
 Stab: Held in net/web   |     1 |       ||     1
  Eat: Chunk             |     2 |     3 ||     5
Armor: Leather armour    |    45 |       ||    45
       Chain mail        |    66 |    46 ||   112
       Ring mail         |     5 |       ||     5
Dodge: Dodged            |   145 |    39 ||   184
